cohdb
Replays
Latest Replays
All Replays
Popular Replays
Top Player Replays
Match Explorer
How It Works
Community
CoH3 Stats
Reddit
Sign in to upload your games and track your stats! →
Sign in with Steam
Match 20118250
Unlisted
Match 20118250
Overview
Messages
Build Orders
End
Construct Infanterie Kompanie
Grenadier Squad
MG 42 Machine Gun Team
Grenadier Squad
Construct Panzergrenadier Kompanie
Panzergrenadier Squad
Pak 40 Anti-tank Gun Team
Selects Mechanized Battlegroup
Selects Raid Package
Construct Panzer Kompanie
Stoßtruppen Squad
Panzer IV Medium Tank
Pioneer Squad
Medical Station
Selects Spotting Scopes
Selects Wespe Self-propelled Artillery
Selects Zeroing Artillery Barrage
Wespe Self-propelled Artillery
Zeroing Artillery Barrage
Repair Bunker
Selects StuG Assault Group
Selects UNKNOWN (2160084)
Panther Heavy Tank
Wespe Self-propelled Artillery
Victor #52
srubert83
Dramatic Pony
[CoA] Deathkrieg
jackal2150
dirtycrisis
pupupu
thecrazycowboygeneral
0
0
Comments
sign in to comment!
No comments posted yet!